 Dungeon Crawl Stone Soup version 0.27-a0-1381-g81fdcbfb23 (webtiles) character file.

Game seed: 3098347867930897079

32385 Nattfarinn the Protected (level 14, -25/103 HPs)
             Began as a Djinni Gladiator on June 30, 2021.
             Was a High Priest of Makhleb.
             Killed from afar by an ice dragon (46 damage)
             ... with a blast of cold
             ... in an ice cave.
             The game lasted 01:01:50 (21211 turns).

Nattfarinn the Protected (Djinni Gladiator)        Turns: 21211, Time: 01:01:51

Health: -25/103    AC: 10    Str: 14    XL:     14   Next: 2%
Gold:   1688       EV: 20    Int: 13    God:    Makhleb [*****.] SH:  6 Dex: 18

rFire    + + +     SeeInvis .   b - +8 dagger of Cataclysm {speed, rElec rF+ rC+ Dex+2}
rCold    . . .     Faith    .   B - +1 buckler {reflect}
rNeg     . . .     Spirit   .   O - +0 troll leather armour
rPois    ∞         Reflect  +   c - +0 helmet
rElec    +         Harm     .   (no cloak)
rCorr    +         Rampage  .   K - +2 pair of gloves
Will     +....                  (boots unavailable)
Stlth    +.........             (no amulet)
HPRegen  1.27/turn              y - ring of resist corrosion
MPRegen  0.00/turn              Q - +4 ring of evasion

@: flying, studying Throwing
A: sickness immunity, fire resistance 2, cold vulnerability 1, float, innate
caster, hp casting, extra vitality 1
a: Renounce Religion, Minor Destruction, Lesser Servant of Makhleb, Major
Destruction, Greater Servant of Makhleb


You were in an ice cave.
You worshipped Makhleb.
Makhleb was extremely pleased with you.
You visited 3 branches of the dungeon, and saw 15 of its levels.
You visited the Abyss 1 time.
You also visited: Bailey and Ice Cave.

You collected 1850 gold pieces.
You spent 162 gold pieces at shops.

Inventory:

Hand Weapons
 a - the +4 hunting sling of the Bruised Dreams {vorpal, rF++ Dex+6 Stlth+}
   (You found it on level 6 of the Dungeon)

   Any stone fired from it inflicts extra damage.
   Dex:       It affects your dexterity (+6).
   rF:        It greatly protects you from fire.
   Stlth:     It makes you more stealthy.
 b - the +8 dagger of Cataclysm (weapon) {speed, rElec rF+ rC+ Dex+2}
   (You found it on level 4 of the Dungeon)

   Attacks with this weapon are significantly faster.
   Dex:       It affects your dexterity (+2).
   rF:        It protects you from fire.
   rC:        It protects you from cold.
   rElec:     It insulates you from electricity.
 T - the +6 dagger "Cusyff" {vorpal, rElec rPois Int+3}
   (You found it in a bailey)

   It inflicts extra damage upon your enemies.
   Int:       It affects your intelligence (+3).
   rElec:     It insulates you from electricity.
   rPois:     It protects you from poison.
Missiles
 d - 9 curare-tipped darts (quivered)
 n - 14 atropa-tipped darts
 E - 7 boomerangs of dispersal
 G - 128 stones
Armour
 c - a +0 helmet (worn)
 B - a +1 buckler of reflection (worn)
 K - a +2 pair of gloves (worn)
 O - a +0 troll leather armour (worn)
 U - the +5 chain mail "Ozalaol" {Drain rF+++ Regen+}
   (You found it in a bailey)

   rF:        It renders you almost immune to fire.
   Regen:     It increases your rate of health regeneration.
   Drain:     It drains your maximum health when unequipped.
Jewellery
 s - a ring of see invisible
 y - a ring of resist corrosion (left hand)
 M - a ring of positive energy
 Q - a +4 ring of evasion (right hand)
Wands
 o - a wand of digging (1)
 w - a wand of flame (40)
 D - a wand of iceblast (12)
 I - a wand of acid (4)
 P - a wand of polymorph (19)
 W - a wand of paralysis (5)
Scrolls
 f - 4 scrolls of teleportation
 j - 5 scrolls of fog
 k - a scroll of brand weapon {unknown}
 l - 2 scrolls of noise
 m - 4 scrolls of fear
 q - a scroll of vulnerability {unknown}
 r - 2 scrolls of amnesia {unknown}
 t - a scroll of enchant weapon {unknown}
 u - 2 scrolls of blinking
 v - 2 scrolls of enchant armour {unknown}
 A - a scroll of summoning {unknown}
 F - a scroll of silence {unknown}
 H - 7 scrolls of identify
 R - a scroll of immolation {unknown}
Potions
 e - 3 potions of brilliance {unknown}
 g - 4 potions of might {unknown}
 h - 7 potions of lignification
 i - 4 potions of heal wounds
 p - 7 potions of curing
 x - 3 potions of flight {unknown}
 z - a potion of magic {unknown}
 J - 2 potions of attraction {unknown}
 N - 2 potions of haste {unknown}
 S - 2 potions of degeneration {unknown}
 V - a potion of cancellation {unknown}
Miscellaneous
 C - a phantom mirror


   Skills:
 - Level 10.0 Fighting
 - Level 9.6(10.0) Short Blades
 - Level 4.1(7.4) Long Blades
 - Level 1.5 Throwing
 - Level 10.4 Armour
 - Level 7.4 Dodging
 - Level 4.0 Shields
 + Level 9.7 Spellcasting


You had 13 spell levels left.
You knew the following spells:

 Your Spells              Type           Power      Damage    Failure   Level
a - Animate Skeleton      Necr           62%        N/A       1%          1
b - Wereblood             Tmut           31%        N/A       1%          2
c - Ignite Poison         Fire/Tmut/Pois 31%        N/A       1%          3
d - Animate Armour        Summ/Erth      62%        N/A       2%          4
e - Dispel Undead         Necr           31%        3d14      2%          4
f - Lee's Rapid Deconstr  Erth           15%        3d11*     7%          5
Your spell library was empty.

Dungeon Overview and Level Annotations

Branches:
Dungeon (12/15)            Temple (1/1) D:4            Lair (2/6) D:10
  Snake (0/4) Lair:2          Orc (0/2) D:9          Bailey (visited)
  IceCv (1/1)
  Swamp: Lair:2-4    Shoals: Lair:2-4

Altars:
Dithmenos
Fedhas
Gozag
Hepliaklqana
Makhleb
Nemelex Xobeh
Okawaru
Ru
Sif Muna
Trog
Uskayaw
Wu Jian
Zin
The Shining One

Shops:
D:2 ![*   D:11 =

Annotations:
D:7 2 transporters, Delamore's ghost, novice FoFi


Innate Abilities, Weirdness & Mutations

You are immune to sickness and miasma.
You are immune to poison.
Your flesh is very heat resistant. (rF++)
You are vulnerable to cold. (rC-)
You float through the air rather than walking.
You learn spells naturally, not from books.
Your magical power is your life essence.
You have superior vitality. (+4 HP)


Message History

An ice covered rock wall.
The wall shatters!
The blast of rock fragments hits the ice dragon but does no damage.
Casting: Lee's Rapid Deconstruction (dangerous; 7% risk of failure)
Confirm with . or Enter, or press ? or * to list all spells.
Aiming: Lee's Rapid Deconstruction (dangerous; 7% risk of failure)
Press: ? - help, Dir - move target An ice covered rock wall.
The wall shatters!
The blast of rock fragments hits the ice dragon!
The ice dragon is lightly wounded.
The ice dragon bites you. You block the ice dragon's attack.
The ice dragon tramples you!
You are shoved backwards!
You hit the ice dragon but do no damage.
The ice dragon is lightly wounded.
You closely miss the ice dragon.
The ice dragon is lightly wounded.
The ice dragon bites you! The ice dragon claws you.
The ice dragon barely misses you.
You hit the ice dragon.
The ice dragon is lightly wounded.
The ice dragon breathes frost at you.
The blast of cold hits the ice dragon.
The ice dragon resists.
The blast of cold misses you. The ice dragon breathes frost at you.
The blast of cold hits you!!!
* * * LOW HITPOINT WARNING * * *
You feel much better.
Throw: 10 darts (curare)
Press: ? - help, Q - select action, (/) - cycle Shift-Dir - straight line, f - ice dragon
Aim: an ice dragon (moderately wounded, 72% to hit)
You throw a curare-tipped dart.
The curare-tipped dart hits the ice dragon.
The ice dragon is moderately wounded.
The ice dragon breathes frost at you. The blast of cold hits you!!
* * * LOW HITPOINT WARNING * * *
The ice dragon breathes frost at you. The blast of cold hits you!!!
You die...

##..## ###
########..#
##..### ####
##...######
###......##
####....##
####..## ###
##..###.## $
##.#..D.# .$
#..@##(# ...
#####..### ....
#...##.## D....
##...DD.#...D.#
####......#
########


You could see an ice dragon (catching breath).

Vanquished Creatures
  Erolcha (D:9)
  Erica (Lair:1)
  2 boulder beetles
  3 two-headed ogres
  A catoblepas (D:9)
  An orc high priest (Bailey)
  A tengu warrior (D:11)
  7 skeletal warriors
  Nergalle (D:10)
  An orc knight (Bailey)
  A lindwurm (Lair:1)
  An ugly thing (D:6)
  A manticore (D:12)
  A cyclops (D:7)
  2 ice statues (IceCv)
  An elephant (shapeshifter) (D:9)
  A cane toad (Lair:1)
  3 rime drakes
  An unseen horror (D:10)
  4 komodo dragons
  3 kobold demonologists
  5 trolls
  Grinder (D:6)
  2 hornets
  8 slime creatures
  A flying skull (Abyss:1)
  A shadow (D:11)
  2 wraiths
  A spriggan (shapeshifter) (D:9)
  A wyvern (D:6)
  10 yaks
  6 vampire mosquitoes (D:12)
  Grum (D:11)
  A basilisk (Lair:1)
  A steam dragon (D:9)
  2 acid dragons
  7 water moccasins
  A hornet zombie (D:8)
  14 ice beasts (IceCv)
  A sky beast (D:6)
  A black bear (D:6)
  14 orc warriors
  3 ogres
  A necrophage (D:5)
  5 centaurs
  6 wolves
  2 phantoms
  9 kobold brigands
  3 bullfrogs
  A scorpion (D:5)
  4 gnoll sergeants (D:8)
  A wyvern zombie (D:6)
  5 killer bees (D:9)
  4 wights
  6 electric eels
  6 howler monkeys
  A small abomination (Abyss:1)
  A crimson imp (D:6)
  A bullfrog zombie (D:5)
  4 centaur zombies
  5 hounds
  3 orc priests
  A bullfrog skeleton (D:6)
  2 gnoll shamans (D:8)
  2 iguanas (D:6)
  6 orc wizards
  A hound skeleton (D:4)
  A howler monkey zombie (D:10)
  32 gnolls
  8 adders
  15 white imps
  An adder skeleton (D:5)
  2 worms
  3 dart slugs
  27 orcs
  6 ball pythons
  5 endoplasms
  A giant cockroach (D:2)
  12 hobgoblins
  15 jackals
  A quokka (D:1)
  9 bats
  5 frilled lizards
  19 goblins
  29 kobolds
  6 rats
399 creatures vanquished.

Vanquished Creatures (collateral kills)
  A skeletal warrior (D:9)
  A gnoll shaman (D:6)
  An orc wizard (D:9)
  3 gnolls (D:6)
6 creatures vanquished.

Vanquished Creatures (others)
  3 gnolls (D:8)
  A jackal (D:8)
  3 fungi
  10 plants
17 creatures vanquished.

Grand Total: 422 creatures vanquished

Notes
Turn   | Place    | Note
-------+----------+-------------------------------------------
     0 | D:1      | Nattfarinn the Djinni Gladiator began the quest for the
                  | Orb.
     0 | D:1      | Reached XP level 1. HP: 18/18 MP: 0/0
    58 | D:1      | Reached XP level 2. HP: 20/24 MP: 0/0
   448 | D:1      | Found a faded altar of an unknown god.
   532 | D:1      | Reached XP level 3. HP: 29/29 MP: 0/0
   532 | D:1      | Learned a level 1 spell: Animate Skeleton
   824 | D:2      | Reached XP level 4. HP: 16/35 MP: 0/0
  1179 | D:2      | Found Hoenecyf's Distillery.
  1359 | D:2      | Found Odyadeuh's Armour Shoppe.
  1551 | D:1      | Reached XP level 5. HP: 14/41 MP: 0/0
  1551 | D:1      | Learned a level 2 spell: Wereblood
  2566 | D:2      | Found Unnaigat's Assorted Antiques.
  3317 | D:3      | Noticed a water moccasin
  3331 | D:3      | Killed a water moccasin
  3332 | D:3      | Reached skill level 5 in Fighting
  3332 | D:3      | Reached XP level 6. HP: 17/49 MP: 0/0
  4227 | D:4      | Identified the +8 dagger of Cataclysm {speed, rElec rF+ rC+
                  | Dex+2}
  4497 | D:4      | Reached skill level 1 in Short Blades
  4497 | D:4      | Reached skill level 1 in Spellcasting
  4497 | D:4      | Reached XP level 7. HP: 44/54 MP: 0/0
  4497 | D:4      | Learned a level 3 spell: Ignite Poison
  4633 | D:4      | Found a sacrificial altar of Ru.
  4893 | D:4      | Found a staircase to the Ecumenical Temple.
  4900 | Temple   | Entered the Ecumenical Temple
  4983 | Temple   | Became a worshipper of Makhleb the Destroyer
  5058 | D:5      | Entered Level 5 of the Dungeon
  5545 | D:5      | Reached XP level 8. HP: 46/59 MP: 0/0
  5975 | D:6      | Found a glowing silver altar of Zin.
  6435 | D:6      | Found an opulent altar of Gozag.
  6889 | D:6      | Reached skill level 5 in Short Blades
  7131 | D:6      | Reached * piety under Makhleb
  7132 | D:6      | Reached XP level 9. HP: 65/65 MP: 0/0
  7132 | D:6      | Learned a level 4 spell: Animate Armour
  7171 | D:6      | Identified the +4 hunting sling of the Bruised Dreams
                  | {vorpal, rF++ Dex+6 Stlth+}
  7211 | D:6      | Noticed Grinder
  7280 | D:6      | Killed Grinder
  7717 | D:7      | Noticed a cyclops
  7720 | D:7      | Noticed a slime creature
  7846 | D:2      | Bought a +1 buckler of reflection for 162 gold pieces
  8032 | D:6      | Killed a slime creature
  8268 | D:6      | Reached skill level 1 in Shields
  8414 | D:7      | Noticed a cyan ugly thing
  9188 | D:6      | Killed a cyan ugly thing
  9189 | D:6      | Reached XP level 10. HP: 69/70 MP: 0/0
  9479 | D:7      | Noticed a moth of wrath
  9500 | D:7      | Killed a cyclops
  9900 | D:7      | Found a transporter.
  9900 | D:7      | Found a transporter.
  9922 | D:7      | Noticed Delamore's ghost (novice FoFi)
 10795 | D:8      | Reached ** piety under Makhleb
 11388 | D:8      | HP: 2/105 [gnoll sergeant (5)]
 11421 | D:8      | Reached skill level 5 in Armour
 11855 | D:8      | Found a shadowy altar of Dithmenos.
 12326 | D:8      | Reached *** piety under Makhleb
 12846 | D:9      | Noticed an elephant
 12876 | D:9      | Killed an elephant
 12922 | D:9      | Noticed a skeletal warrior
 13001 | D:9      | Found an iron altar of Okawaru.
 13044 | D:9      | Killed a skeletal warrior
 13045 | D:9      | Reached XP level 11. HP: 76/76 MP: 0/0
 13045 | D:9      | Learned a level 4 spell: Dispel Undead
 13163 | D:9      | Noticed a boulder beetle
 13482 | D:9      | Noticed a catoblepas
 13497 | D:9      | Killed a catoblepas
 13728 | D:9      | Killed a boulder beetle
 13729 | D:9      | Reached skill level 10 in Armour
 13856 | D:9      | Noticed a skeletal warrior
 13863 | D:9      | Noticed a skeletal warrior
 13864 | D:9      | Noticed a skeletal warrior
 14040 | D:8      | HP: 1/63 [skeletal warrior[a skeletal warrior] (27)]
 14164 | D:8      | Killed a skeletal warrior
 14266 | D:9      | Reached **** piety under Makhleb
 14331 | D:9      | Found a hazy altar of Hepliaklqana.
 14366 | D:9      | Noticed Erolcha
 14366 | D:9      | Cast into level 1 of the Abyss (Erolcha)
 14527 | D:9      | Escaped the Abyss
 14900 | D:8      | Reached skill level 5 in Spellcasting
 14926 | D:9      | Killed Erolcha
 14980 | D:9      | Reached XP level 12. HP: 66/81 MP: 0/0
 15129 | D:9      | Noticed a sun demon
 15277 | D:9      | Killed a skeletal warrior
 15369 | D:9      | Noticed a two-headed ogre
 15391 | D:9      | Killed a two-headed ogre
 15403 | D:9      | Found a staircase to the Orcish Mines.
 15507 | D:9      | Noticed a skeletal warrior
 15514 | D:9      | Killed a skeletal warrior
 15526 | D:9      | Killed a skeletal warrior
 15595 | D:10     | Entered Level 10 of the Dungeon
 15605 | D:10     | Noticed Nergalle
 15631 | D:10     | Killed Nergalle
 15747 | D:10     | Found a staircase to the Lair.
 16165 | D:10     | Found an ornate altar of the Wu Jian Council.
 16358 | D:10     | Found a hide-covered altar of Uskayaw.
 16427 | D:10     | Reached ***** piety under Makhleb
 16695 | D:11     | Noticed Grum
 16722 | D:11     | Killed Grum
 16755 | D:11     | Noticed a tengu warrior
 16777 | D:11     | Found a flagged portal.
 16806 | D:11     | Killed a tengu warrior
 16829 | Bailey   | Entered a bailey
 17034 | Bailey   | Found an iron altar of Okawaru.
 17034 | Bailey   | Noticed an orc high priest
 17090 | Bailey   | Killed an orc high priest
 17108 | Bailey   | Reached skill level 5 in Dodging
 17506 | Bailey   | Reached XP level 13. HP: 63/92 MP: 0/0
 17506 | Bailey   | Learned a level 5 spell: Lee's Rapid Deconstruction
 17540 | Bailey   | Acquired 762 gold pieces
 17591 | Bailey   | Identified the +6 dagger "Cusyff" {vorpal, rElec rPois
                  | Int+3}
 17612 | Bailey   | Identified the +5 chain mail "Ozalaol" {Drain rF+++ Regen+}
 17862 | D:11     | Noticed a boulder beetle
 17911 | D:11     | Killed a boulder beetle
 17965 | D:11     | Found Fiepseo's Jewellery Shop.
 18056 | D:11     | Identified the +9 whip of Pyromania {flame, Int+2}
 18850 | D:12     | Reached skill level 10 in Fighting
 19668 | Lair:1   | Entered Level 1 of the Lair of Beasts
 20036 | Lair:1   | Noticed Erica
 20039 | Lair:1   | Paralysed by Erica for 3 turns
 20046 | Lair:1   | Killed Erica
 20541 | Lair:2   | Acquired a manual of Throwing
 20615 | Lair:2   | Found a frozen archway.
 20685 | IceCv    | Entered an ice cave
 21072 | IceCv    | Reached XP level 14. HP: 87/103 MP: 0/0
 21211 | IceCv    | Killed from afar by an ice dragon

Illustrated notes

Levels and vault maps discovered:
D:1:      heliophobic_arrival_battle_scene, layout_rooms,
          ebering_ecumenical_altar_hall
D:2:      layout_loops_cross, serial_shops, nicolae_shop_stone,
          nicolae_shop_statue_plus, shop, minivault_5, st_stairs_8,
          minmay_octomino_c4
D:3:      layout_loops_corners
D:4:      layout_loops_ring, nicolae_ru_awakened_eye,
          minmay_temple_entry_nine_rooms
D:5:      layout_basic
D:6:      layout_loops_ring, pdpol_temple_overflow_zin_treasury_gozag_greed,
          dk_vineyard_2, minmay_fire_ice_demons, uniq_grinder
D:7:      layout_basic, gammafunk_ghost_wrathful_warriors, kb_rosetta
D:8:      layout_cave_pools, gammafunk_temple_overflow_wave, serial_gnoll_camp,
          gnoll_camp_mini_basic, gnoll_camp_mini_hut, gnoll_camp_mini_doghouse,
          gnoll_camp_huts_moat
D:9:      nzn_winding_woodlands_medium [nzn_winding_woodlands_5x5_cross,
          nzn_winding_woodlands_5x15_concentric,
          nzn_winding_woodlands_5x5_three,
          nzn_winding_woodlands_5x5_checkerboard,
          nzn_winding_woodlands_center_pierced_h,
          nzn_winding_woodlands_5x5_closed_star,
          nzn_winding_woodlands_5x5_default, nzn_winding_woodlands_5x15_garden,
          nzn_winding_woodlands_5x5_default], layout_cave_pools,
          lemuel_round_altar, worldfamousw_hep_ancestral_shrine, special_room
          [special_room_kobold], uniq_erolcha
D:10:     layout_cave_pods, nzn_wu_jian_council_hall, kennysheep_mini_moat,
          lair_entry_dummy, uniq_nergalle
D:11:     layout_basic, serial_shops, nicolae_shop_behind_doors, enter_bailey_3,
          uniq_grum
D:12:     layout_cave_pods
Temple:   nicolae_temple_figure_eight
Lair:1:   layout_cave_pods, uniq_erica
Lair:2:   dpeg_oklob_gauntlet, layout_chaotic_city,
          minmay_snake_entry_six_corridors, portal_ice_cave_entry_imps
IceCv:    ice_cave_small_dragons

Skill      XL: |  1  2  3  4  5  6  7  8  9 10 11 12 13 |
---------------+----------------------------------------+-----
Long Blades    | 3 4 |  4.1
Fighting       | 3 4 5 7 10 | 10.0
Short Blades   | 1 3 6 8 9 |  9.6
Spellcasting   | 1 3 4 5 8 9 |  9.7
Shields        | 3 4 |  4.0
Armour         | 7 10 | 10.4
Dodging        | 5 7 |  7.4
Throwing       | |  1.5

Action                   |  1- 3 |  4- 6 |  7- 9 | 10-12 | 13-15 || total
-------------------------+-------+-------+-------+-------+-------++-------
Melee: Long sword        |    86 |   167 |       |       |       ||   253
       Dagger            |       |    22 |   265 |  1369 |   519 ||  2175
 Fire: Hunting sling     |       |       |       |    72 |       ||    72
Throw: Throwing net      |       |     1 |     3 |    18 |       ||    22
       Dart              |       |       |       |    20 |     3 ||    23
 Cast: Wereblood         |       |       |     2 |     6 |       ||     8
       Animate Armour    |       |       |     3 |     6 |     1 ||    10
       Dispel Undead     |       |       |       |    20 |     5 ||    25
       Lee's Rapid Decon |       |       |       |       |    77 ||    77
  Use: Scroll            |       |       |     3 |     5 |     3 ||    11
       Potion            |       |       |       |     4 |     1 ||     5
 Stab: Sleeping          |       |     2 |     1 |       |       ||     3
       Held in net/web   |       |       |     1 |    13 |       ||    14
       Distracted        |       |       |       |     1 |       ||     1
       Petrified         |       |       |       |     1 |       ||     1
Armor: Leather armour    |    52 |    46 |    23 |     5 |       ||   126
       Scale mail        |       |       |    11 |    57 |       ||    68
       Skin              |       |       |       |    34 |       ||    34
       Troll leather arm |       |       |       |    79 |    53 ||   132
Dodge: Dodged            |    93 |   120 |    78 |   341 |   219 ||   851
Block: Buckler           |       |       |    11 |   195 |    77 ||   283
       Reflection        |       |       |     4 |    16 |     2 ||    22
       Rpst.: Long sword |    25 |    32 |       |       |       ||    57

Table legend: (Time is in decaauts)
 A = Elapsed time spent in this place.
 B = Non-inter-level travel time spent in this place.
 C = Inter-level travel time spent in this place.
 D = Time resting spent in this place.
 E = Time spent auto-exploring this place.
 F = Levels seen in this place.
 G = Mean time per level.
                   A        B        C        D        E       F      G
               +--------+--------+--------+--------+--------+-----+--------+
         Total |  19898 |  18804 |   1094 |   4511 |   9902 |  18 | 1105.4 |
       Dungeon |  17672 |  16666 |   1006 |   4285 |   8611 |  12 | 1472.7 |
        Temple |    103 |     78 |     25 |      0 |     77 |   1 |  103.0 |
          Lair |    891 |    829 |     62 |     14 |    685 |   2 |  445.5 |
         Abyss |    137 |    137 |      0 |     31 |      0 |   1 |  137.0 |
        Bailey |    612 |    612 |      0 |     19 |    342 |   1 |  612.0 |
      Ice Cave |    478 |    478 |      0 |    162 |    187 |   1 |  478.0 |
               +--------+--------+--------+--------+--------+-----+--------+

Top non-repeatable levels by time:
     D:8: 2765 daAuts
     D:6: 2750 daAuts
     D:9: 1692 daAuts
     D:3: 1495 daAuts
     D:1: 1471 daAuts
     D:2: 1396 daAuts
     D:7: 1276 daAuts
     D:5: 1068 daAuts
    D:12: 1049 daAuts
    D:10: 1016 daAuts
    D:11: 885 daAuts
  Lair:1: 804 daAuts
     D:4: 804 daAuts
  Bailey: 612 daAuts
   IceCv: 478 daAuts
